Map: Dusk Towers

Players

ImKorean - Winner!

  • Race: Protoss Protoss
  • League: Diamond

ILLBdA

  • Race: Protoss Protoss
  • League: Diamond

VOD

Have the link to the VOD?

Description

Time

  • Played on: Dec. 14, 2015, 9:17 a.m.
  • Length: 4:23
Show
View Real Time Build Order
Export as new Build Order

ImKorean Protoss - Winner!

Build Orders:  

Get SALT Encoding   

  12  0:01  Probe (Chrono Boost)  
  13  0:11  Probe (Chrono Boost)  
  14  0:19  Pylon  
  14  0:23  Probe (Chrono Boost)  
  15  0:37  Probe (Chrono Boost)  
  15  0:38  Gateway  
  16  0:44  Assimilator  
  16  0:48  Probe (Chrono Boost)  
  17  0:58  Probe (Chrono Boost)  
  18  1:04  Assimilator  
  18  1:09  Gateway  
  18  1:10  Probe (Chrono Boost)  
  19  1:21  Probe (Chrono Boost)  
  20  1:26  Cybernetics Core  
  20  1:35  Zealot  
  22  1:42  Pylon  
  22  1:48  Probe (Chrono Boost)  
  23  2:03  Adept (Chrono Boost)  
  23  2:05  Adept (Chrono Boost)  
  23  2:06  Warp Gate  
  27  2:18  Probe  
  28  2:30  Mothership Core  
  28  2:35  Robotics Facility  
  30  3:18  Pylon  
  30  3:36  Stalker x2 (Chrono Boost), Immortal (Chrono Boost)  
  38  3:46  Pylon  
  38  3:49  Pylon  
  38  3:51  Pylon  
Show
View Real Time Build Order
Export as new Build Order

ILLBdA Protoss 

Build Orders:  

Get SALT Encoding   

  12  0:10  Pylon  
  12  0:12  Probe (Chrono Boost)  
  13  0:23  Probe (Chrono Boost)  
  14  0:30  Gateway  
  14  0:34  Probe (Chrono Boost)  
  15  0:45  Assimilator  
  15  0:46  Probe (Chrono Boost)  
  16  0:57  Probe (Chrono Boost)  
  17  0:58  Assimilator  
  17  1:07  Probe (Chrono Boost)  
  18  1:18  Cybernetics Core, Probe (Chrono Boost)  
  19  1:27  Pylon  
  19  1:28  Probe (Chrono Boost)  
  20  1:39  Probe (Chrono Boost)  
  21  1:49  Probe (Chrono Boost)  
  22  1:54  Stalker (Chrono Boost)  
  22  1:55  Warp Gate (Chrono Boost)  
  22  2:01  Gateway  
  24  2:08  Gateway  
  24  2:15  Mothership Core  
  26  2:27  Stalker  
  28  2:33  Pylon  
  28  2:48  Pylon  
  30  2:52  Stalker (Chrono Boost)  
  29  3:02  Stalker (Chrono Boost)  
  33  3:06  Stalker (Chrono Boost)  
  29  3:43  Probe  
  29  3:48  Robotics Facility  
  30  3:49  Stalker x2  
  30  3:55  Stalker  
  36  4:00  Probe  
  37  4:07  Pylon  
Tags
 
Matchup
PvP
Replay Pack
me
Add a new tag
Caveats
  • Supply blocks, unpowered buildings, or Contaminate may cause inaccurate times.
  • Supply counts are checked every 10 seconds.